 Dungeon Crawl Stone Soup version 0.31-a0-836-g3ceb0a68c4 (webtiles) character file.

Game seed: 1434435779813396343

13004 avis the Nimble (level 11, -16/66 HPs)
             Began as a Felid Shapeshifter on Sept 26, 2023.
             Was an Initiate of Gozag.
             Demolished by a catoblepas (27 damage)
             ... on level 1 of the Lair of Beasts.
             The game lasted 01:07:07 (8438 turns).

avis the Nimble (Felid Shapeshifter)                Turns: 8438, Time: 01:07:08

Health: -16/66     AC: 10    Str: 16    XL:     11   Next: 69%
Magic:  12/12      EV: 16    Int: 16    God:    Gozag
Gold:   2135       SH:  0    Dex: 17    Spells: 10/10 levels left
                                        Lives:  0   Deaths: 4

rFire   + .          .
                       - Unarmed
rCold   . . .        (shield unavailable)
rNeg    . . .        (body armour unavailable)
rPois   .            (helmet unavailable)
rElec   .            (cloak unavailable)
rCorr   .            (gloves unavailable)
SInv    +            (boots unavailable)
Will    +....        c - amulet of regeneration
Stlth   ++           h - +4 ring of slaying
HPRegen 1.11/turn    z - ring of protection from fire
MPRegen 0.13/turn

%: no passive effects
@: snake-form, studying Conjurations
A: constrict, boosted hp, large, (claws 1), (fangs 3), see invisible, (speed 1),
(shaggy fur 2), (stealthy paws), no weapons or thrown items, no armour,
multi-lived, (iridescent scales 2), clever 1
a: Begin Untransformation, Renounce Religion, Potion Petition, Call Merchant,
Bribe Branch


You were on level 1 of the Lair of Beasts.
You worshipped Gozag.
Gozag was most pleased with you.
You were an enormous anaconda.
You visited 3 branches of the dungeon, and saw 11 of its levels.
You also visited: Sewer and Bailey.

You collected 2212 gold pieces.
You paid 77 gold pieces to Gozag.

Inventory:

Jewellery
 c - an amulet of regeneration (around neck)
 e - an amulet of the acrobat
 h - a +4 ring of slaying (left hand)
 z - a ring of protection from fire (right hand)
 I - a ring of fire
 K - a ring of wizardry
 M - the ring of Ighun {Fly Will- Str+5 Stlth+}
   (You found it on level 9 of the Dungeon)

   [ring of flight]

   Str+5:     It affects your strength (+5).
   Will-:     It decreases your willpower.
   Fly:       It grants you flight.
   Stlth+:    It makes you more stealthy.
Talismans
 b - a beast talisman
 f - a flux talisman
 s - a serpent talisman (active)
 L - a serpent talisman (active)
Wands
 j - a wand of polymorph (9)
 B - a wand of paralysis (7)
 F - a wand of flame (13)
 H - a wand of mindburst (5)
Scrolls
 a - a scroll of poison
 d - a scroll of silence {unknown}
 g - a scroll of summoning
 i - 3 scrolls of fog {unknown}
 k - 4 scrolls of revelation {unknown}
 n - a scroll of enchant armour
 o - 5 scrolls of noise
 p - a scroll of fear {unknown}
 t - a scroll of amnesia {unknown}
 u - a scroll of immolation {unknown}
 v - a scroll of brand weapon {unknown}
 x - 2 scrolls of teleportation {unknown}
 y - 2 scrolls of enchant weapon {unknown}
 A - 3 scrolls of torment {unknown}
 C - a scroll of blinking {unknown}
 G - a scroll of acquirement {unknown}
Potions
 l - 6 potions of degeneration
 m - 2 potions of attraction
 q - 7 potions of enlightenment
 r - 6 potions of mutation
 w - a potion of cancellation
 E - a potion of magic
 J - a potion of lignification


   Skills:
 * Level 11.1 Fighting
 - Level 12.0 Dodging
 - Level 6.0 Unarmed Combat
 - Level 12.0 Shapeshifting


You had 10 spell levels left.
You didn't know any spells.
Your spell library contained the following spells:

 Spells                   Type           Power      Damage    Failure   Level
 Magic Dart               Conj           0%         1d3       26%         1
 Necrotise                Necr           0%         1d4       26%         1
 Shock                    Conj/Air       0%         1d3       26%         1
 Call Imp                 Summ           0%         N/A       36%         2
 Scorch                   Fire           0%         2d5       36%         2
 Searing Ray              Conj           0%         2d4       36%         2
 Static Discharge         Conj/Air       0%         2-2/arc   36%         2
 Mephitic Cloud           Conj/Pois/Air  0%         N/A       58%         3
 Vampiric Draining        Necr           0%         2d6       58%         3
 Volatile Blastmotes      Fire/Tloc      0%         2d10      58%         3
 Flame Wave               Conj/Fire      0%         2d4       94%         4
 Fulminant Prism          Conj/Hex       0%         3d5       94%         4
 Agony                    Necr           0%         N/A       100%        5
 Freezing Cloud           Conj/Ice/Air   0%         6-21      100%        5
 Summon Forest            Summ/Tloc      0%         N/A       100%        5
 Summon Mana Viper        Hex/Summ       0%         N/A       100%        5
 Summon Cactus Giant      Summ           0%         N/A       100%        6


Dungeon Overview and Level Annotations

Branches:
Dungeon (9/15)             Temple (1/1) D:4            Lair (1/5) D:9
    Orc (0/2) D:9           Sewer (visited)          Bailey (visited)

Altars:
Ashenzari
Cheibriados
Dithmenos
Elyvilon
Fedhas
Gozag
Hepliaklqana
Kikubaaqudgha
Makhleb
Nemelex Xobeh
Okawaru
Qazlal
Ru
Sif Muna
Trog
Uskayaw
Wu Jian
Xom
Yredelemnul
The Shining One

Shops:
D:4 (   D:9 (:==*


Innate Abilities, Weirdness & Mutations

You are an enormous anaconda.
You have a powerful constriction melee attack.
Your maximum health is increased.
((You have sharp claws.))
((You have razor-sharp teeth.))
You have supernaturally acute eyesight. (SInv)
((You cover ground quickly. (Speed+)))
((You are covered in thick fur. (AC +2)))
((Your paws help you pounce on unaware monsters.))
You are incapable of wielding weapons or throwing items.
You cannot wear armour.
You gain extra lives every three experience levels.
((You are mostly covered in iridescent scales. (AC +4)))
Your mind is acute. (Int +4, Str/Dex -1)


Message History

The catoblepas barely misses you.
You hit the catoblepas. You grab the catoblepas.
The catoblepas is moderately wounded.
You constrict the catoblepas. The catoblepas gores you!
You hit the catoblepas but do no damage.
The catoblepas is moderately wounded.
You constrict the catoblepas. The catoblepas gores you!
You lash the catoblepas!
The catoblepas is heavily wounded.
You constrict the catoblepas, but do no damage.
The catoblepas gores you.
You lash the catoblepas!
The catoblepas is heavily wounded.
You constrict the catoblepas.
The catoblepas breathes a plume of calcifying dust at you.
The blast of calcifying dust hits you.
* * * LOW HITPOINT WARNING * * *
You release your grip on the catoblepas.
The catoblepas barely misses you.
You hit the catoblepas but do no damage.
You grab the catoblepas.
The catoblepas is heavily wounded.
You constrict the catoblepas, but do no damage.
The catoblepas gores you!
* * * LOW HITPOINT WARNING * * *
You feel better.
You constrict the catoblepas. The catoblepas barely misses you.
You hit the catoblepas.
The catoblepas is heavily wounded.
You constrict the catoblepas. The catoblepas closely misses you.
You hit the catoblepas.
The catoblepas is severely wounded.
You constrict the catoblepas, but do no damage.
The catoblepas gores you!
* * * LOW HITPOINT WARNING * * *
You feel better.
You constrict the catoblepas. The catoblepas gores you!
* * * LOW HITPOINT WARNING * * *
You feel better.
You constrict the catoblepas. The catoblepas gores you!!
You die...
Your body crumbles into a pile of gold.

.............#.....
#.............#.....
#....#..........#..
...##...##...#..#....
#..................
#####.#.....#....###
####....##....P.#
###...............##
####...####.##YS..[...#
##....#####..........###
#..#####P#......#.#..#
#.## ..........##..# ..#
P...#...####..# ###
...##....###..# ###. ..
#.....##..# ...... .
#......#.### .....##
#..#...#...##


You could see a catoblepas.

Vanquished Creatures
  A boulder beetle (D:9)
  A centaur warrior (D:9)
  A catoblepas (D:9)
  A two-headed ogre (D:9)
  A cyclops (D:9)
  2 cane toads (Lair:1)
  An unseen horror (D:9)
  A komodo dragon (D:9)
  A hornet (D:8)
  A troll (D:9)
  A slime creature (D:9)
  A shadow (D:9)
  4 wyverns
  8 yaks
  A wraith (D:9)
  Eustachio (D:3)
  2 steam dragons
  Menkaure (D:6)
  6 water moccasins
  An orc warrior (D:9)
  3 sky beasts
  11 wolves
  3 ogres
  6 centaurs
  2 phantoms (D:5)
  3 kobold brigands
  2 bullfrogs (Lair:1)
  10 gnoll sergeants
  A scorpion (D:5)
  5 wights (D:9)
  12 killer bees (D:9)
  2 howler monkeys
  6 hounds
  2 orc priests
  7 gnoll boudas
  5 iguanas
  7 orc wizards
  A sleepcap (D:8)
  25 gnolls
  20 adders
  5 river rats (Sewer)
  A shadow imp (D:4)
  A white imp (D:7)
  4 worms
  2 dart slugs
  15 orcs
  9 ball pythons
  6 endoplasms
  3 giant cockroaches
  11 goblins
  5 hobgoblins
  11 jackals
  6 quokkas
  9 bats
  8 frilled lizards
  10 kobolds
  4 rats
280 creatures vanquished.

Notes
Turn   | Place    | Note
-------+----------+-------------------------------------------
     0 | D:1      | avis the Felid Shapeshifter began the quest for the Orb.
     0 | D:1      | Reached XP level 1. HP: 9/9 MP: 2/2
    89 | D:1      | Reached XP level 2. HP: 13/13 MP: 3/3
   672 | D:2      | Reached XP level 3. HP: 16/16 MP: 4/4
  1218 | D:2      | Reached XP level 4. HP: 19/19 MP: 5/5
  1257 | D:2      | Upgraded the game from 0.31-a0-833-gc15d34cb79 to
                  | 0.31-a0-836-g3ceb0a68c4
  1291 | D:2      | Reached skill level 5 in Shapeshifting
  1745 | D:3      | Reached XP level 5. HP: 23/23 MP: 6/6
  1930 | D:3      | Found an iron altar of Okawaru.
  2090 | D:4      | Found Reiphios's Weapon Shop.
  2197 | D:4      | Found a blossoming altar of Fedhas.
  2221 | D:4      | Noticed Eustachio
  2274 | D:3      | Killed Eustachio
  2275 | D:3      | Reached skill level 5 in Dodging
  2275 | D:3      | Gained mutation: You are covered in thick fur. (AC +2)
                  | [Felid growth]
  2275 | D:3      | Reached XP level 6. HP: 28/28 MP: 7/7
  2332 | D:4      | Found a staircase to the Ecumenical Temple.
  2338 | Temple   | Entered the Ecumenical Temple
  2518 | D:4      | Reached XP level 7. HP: 19/31 MP: 8/8
  2660 | D:5      | Entered Level 5 of the Dungeon
  2814 | D:5      | Found a sparkling altar of Nemelex Xobeh.
  2892 | D:5      | Mangled by an ogre
  3068 | D:5      | Found a glowing drain.
  3077 | Sewer    | Entered a sewer
  3280 | Sewer    | Gained mutation: You are partially covered in iridescent
                  | scales. (AC +2) [potion of mutation]
  3280 | Sewer    | Gained mutation: You are mostly covered in iridescent
                  | scales. (AC +4) [potion of mutation]
  3280 | Sewer    | Gained mutation: Your mind is acute. (Int +4, Str/Dex -1)
                  | [potion of mutation]
  3510 | Sewer    | Reached skill level 5 in Fighting
  3744 | D:5      | Found an opulent altar of Gozag.
  3775 | D:5      | Became a worshipper of Gozag Ym Sagoz the Greedy
  3798 | D:5      | Reached XP level 8. HP: 37/37 MP: 9/9
  4196 | D:6      | Noticed Menkaure
  4231 | D:6      | Killed Menkaure
  4800 | D:7      | Reached XP level 9. HP: 40/41 MP: 10/10
  4825 | D:7      | Identified the +7 short sword of Pelasyil {flame, *Corrode
                  | Fly rC+ Will+}
  4833 | D:7      | Found a hide-covered altar of Uskayaw.
  4836 | D:7      | Noticed a +0 hand axe
  4836 | D:7      | Noticed a +0 hand axe
  5206 | D:7      | Found a sacrificial altar of Ru.
  5310 | D:7      | Found an ancient bone altar of Kikubaaqudgha.
  5502 | D:7      | Found a shadowy altar of Dithmenos.
  5510 | D:7      | Found a shimmering blue altar of Sif Muna.
  5839 | D:8      | Found a flagged portal.
  5848 | Bailey   | Entered a bailey
  5858 | Bailey   | Reached skill level 10 in Dodging
  5993 | Bailey   | Slain by a gnoll bouda
  6164 | Bailey   | Slain by a gnoll bouda
  6398 | Bailey   | Reached XP level 10. HP: 48/48 MP: 11/11
  6545 | D:8      | Paralysed by a hornet for 3 turns
  6866 | D:9      | Found a staircase to the Orcish Mines.
  6971 | D:9      | Noticed a two-headed ogre
  6983 | D:9      | Killed a two-headed ogre
  6984 | D:9      | Reached skill level 10 in Shapeshifting
  7110 | D:9      | Noticed a boulder beetle
  7128 | D:9      | Slain by a wight
  7150 | D:9      | Found a staircase to the Lair.
  7252 | D:9      | Noticed a catoblepas
  7266 | D:9      | Killed a catoblepas
  7267 | D:9      | Reached XP level 11. HP: 36/53 MP: 12/12
  7338 | D:9      | Identified the ring of Ighun {Fly Will- Str+5 Stlth+}
  7349 | D:9      | Got a strange book
  7351 | D:9      | Identified the +5 sling "Hydra's Doom" {speed, *Slow Fly
                  | rCorr Dex+5}
  7431 | D:9      | Reached skill level 5 in Unarmed Combat
  7594 | D:9      | Noticed a centaur warrior
  7608 | D:9      | Killed a centaur warrior
  7737 | D:9      | Killed a boulder beetle
  7772 | D:9      | Found Sisu Jeu's Jewellery Boutique.
  7779 | D:9      | Found Sownui's Jewellery Shoppe.
  7804 | D:9      | Found Ruituing's General Store.
  7904 | D:9      | Found Enwod's Book Boutique.
  7908 | D:9      | Found Ikuffeul's Antique Weapon Boutique.
  8096 | Lair:1   | Entered Level 1 of the Lair of Beasts
  8138 | D:9      | Reached skill level 10 in Fighting
  8414 | Lair:1   | Noticed a catoblepas
  8437 | Lair:1   | HP: 1/66 [catoblepas (16)]
  8438 | Lair:1   | Demolished by a catoblepas

Illustrated notes

Levels and vault maps discovered:
D:1:      minmay_arrival_three_doors, layout_rooms, st_stairs_8
D:2:      layout_rooms
D:3:      layout_loops_ring, marbit_many_paths, nrook_campfire
D:4:      layout_rooms, mainiacjoe_overflow_paths, minmay_temple_entry_hall,
          serial_shops, shop, minmay_manual_moon, uniq_eustachio
D:5:      layout_loops_cross, amcnicky_altar_gilded, general_overflow_altar,
          cheibrodos_sewer_entry_bend
D:6:      layout_basic, nicolae_concentric_dashed_squares_mild, uniq_menkaure
D:7:      layout_cave_pods, mainiacjoe_overflow_alcove_1,
          nicolae_ru_path_of_blood, dancing_weapons_uskayaw,
          mainiacjoe_overflow_big_doors, chequers_garden
D:8:      layout_basic, enter_bailey_6
D:9:      minmay_the_grid_3x2 [minmay_the_grid_gridbox,
          minmay_the_grid_small_cups, minmay_the_grid_spin_star,
          minmay_the_grid_x, minmay_the_grid_minigrid_large,
          minmay_the_grid_prize_trominoes], layout_basic, david_lair_shrubbed,
          orc_0_dummy, serial_shops, shop, shop, shop, shop_statue, shop,
          chequers_serial_rivers_marsh
Temple:   nicolae_temple_bog_church
Lair:1:   layout_misc_corridors, portal_ice_cave_rime, serial_bayou_lagoon_b

Skill      XL: |  1  2  3  4  5  6  7  8  9 10 11 |
---------------+----------------------------------+-----
Fighting       | 2 3 5 6 8 9 11 | 11.1
Dodging        | 3 5 6 9 11 12 | 12.0
Shapeshifting  | 4 5 6 7 8 9 12 | 12.0
Unarmed Combat | 6 |  6.0

Action                     |  1- 3 |  4- 6 |  7- 9 | 10-12 || total
---------------------------+-------+-------+-------+-------++-------
  Melee: Unarmed           |    66 |   107 |   538 |   339 ||  1050
         Bite              |     7 |     8 |    60 |    59 ||   134
         Punch             |     1 |     2 |     1 |       ||     4
         Constrict         |       |       |       |    21 ||    21
  Evoke: Wand              |       |       |       |    20 ||    20
    Use: Potion            |       |       |     4 |     6 ||    10
         Scroll            |       |       |     8 |     2 ||    10
   Stab: Sleeping          |       |     1 |       |       ||     1
         Distracted        |       |       |     1 |     2 ||     3
         Paralysed         |       |       |       |     8 ||     8
         Petrified         |       |       |       |     6 ||     6
 Armour: Skin              |    19 |    23 |   203 |   141 ||   386
  Dodge: Dodged            |    27 |    74 |   673 |   415 ||  1189
   Form: Flux              |       |       |     1 |       ||     1
         Anaconda          |       |       |       |     1 ||     1

Table legend: (Time is in decaauts)
 A = Elapsed time spent in this place.
 B = Non-inter-level travel time spent in this place.
 C = Inter-level travel time spent in this place.
 D = Time resting spent in this place.
 E = Time spent auto-exploring this place.
 F = Levels seen in this place.
 G = Mean time per level.
                   A        B        C        D        E       F      G
               +--------+--------+--------+--------+--------+-----+--------+
         Total |   7356 |   6798 |    558 |    564 |   2679 |  13 |  565.8 |
       Dungeon |   5883 |   5325 |    558 |    484 |   2550 |   9 |  653.7 |
        Temple |      3 |      3 |      0 |      0 |      0 |   1 |    3.0 |
          Lair |    292 |    292 |      0 |     40 |     43 |   1 |  292.0 |
         Sewer |    623 |    623 |      0 |     38 |     86 |   1 |  623.0 |
        Bailey |    554 |    554 |      0 |      2 |      0 |   1 |  554.0 |
               +--------+--------+--------+--------+--------+-----+--------+

Top non-repeatable levels by time:
     D:9: 1053 daAuts
     D:5: 751 daAuts
     D:7: 702 daAuts
     D:3: 659 daAuts
   Sewer: 623 daAuts
     D:8: 609 daAuts
     D:1: 579 daAuts
     D:2: 555 daAuts
  Bailey: 554 daAuts
     D:6: 498 daAuts
     D:4: 473 daAuts
  Lair:1: 292 daAuts
  Temple: 3 daAuts
